 Dungeon Crawl Stone Soup version 0.19-a0-1907-gcff654f (webtiles) character file.

3166 Lochraine the Nimble (level 9, 0/45 HPs)
             Began as a Spriggan Enchanter on Oct 21, 2016.
             Was a Priest of Dithmenos.
             Shot with an arrow by a centaur (1 damage)
             ... on level 8 of the Dungeon.
             The game lasted 00:31:04 (6849 turns).

Lochraine the Nimble (Spriggan Enchanter)           Turns: 6849, Time: 00:31:05

Health: 0/45       AC:  3    Str:  6    XL:     9   Next: 63%
Magic:  5/15       EV: 26    Int: 16    God:    Dithmenos [***...]
Gold:   370        SH:  0    Dex: 18    Spells: 5 memorised, 3 levels left

rFire  . . .     SeeInvis +     b - +2 rapier (venom)
rCold  . . .     Gourm    .     F - +1 robe
rNeg   . . .     Faith    .     (shield restricted)
rPois  .         Spirit   .     (helmet restricted)
rElec  .         Reflect  .     (no cloak)
rCorr  .         Harm     .     (gloves unavailable)
MR     +....                    (boots unavailable)
Stlth  ++++++....               (no amulet)
                                q - +2 ring of slaying
                                K - ring of stealth

@: very slightly contaminated, wreathed by umbra, very quick
A: unfitting armour, see invisible, herbivore 3, speed 3, slow metabolism 2
a: Shadow Step, Renounce Religion


You were on level 8 of the Dungeon.
You worshipped Dithmenos.
Dithmenos was most pleased with you.
You were not hungry.

You visited 1 branch of the dungeon, and saw 8 of its levels.

You collected 370 gold pieces.

Inventory:

Hand Weapons
 a - a +0 dagger of protection
 b - a +2 rapier of venom (weapon)
 i - a cursed -3 whip
 D - a +0 falchion
Armour
 F - a +1 robe (worn)
Jewellery
 q - a +2 ring of slaying (right hand)
 r - a +4 ring of intelligence
 s - an uncursed ring of protection from fire
 t - an uncursed ring of protection from magic
 K - a ring of stealth (left hand)
Wands
 w - a wand of lightning (0/15)
 E - a wand of disintegration (16/24)
 H - a wand of confusion (26/48)
Scrolls
 e - 9 scrolls of identify
 f - 3 scrolls of teleportation
 h - 2 scrolls of remove curse
 k - 3 scrolls of recharging {unknown}
 l - 2 scrolls of enchant weapon {unknown}
 m - a scroll of enchant armour {unknown}
 n - a scroll of magic mapping {unknown}
 o - a scroll of random uselessness {unknown}
 y - 2 scrolls of amnesia {unknown}
Potions
 g - 3 potions of curing
 j - 2 potions of might
 u - 2 potions of cure mutation
 v - a potion of magic
 x - 2 potions of heal wounds {unknown}
 z - 2 potions of lignification {unknown}
 A - a potion of mutation {unknown}
 B - 3 potions of agility {unknown}
 C - 2 potions of degeneration {unknown}
 G - a potion of ambrosia {unknown}
 I - a potion of invisibility {unknown}
 J - a potion of resistance {unknown}
 L - a potion of flight {unknown}
Books
 c - a book of Maledictions

   Spells                             Type                      Level
   a - Corona                         Hexes                        1
   b - Ensorcelled Hibernation        Hexes/Ice                    2
   c - Confuse                        Hexes                        3
   d - Tukima's Dance                 Hexes                        3
   e - Dazzling Spray                 Conjuration/Hexes            3
Comestibles
 d - 3 bread rations
 p - 7 fruits


   Skills:
 - Level 4.1 Fighting
 - Level 6.3 Short Blades
 - Level 10.0 Dodging
 - Level 7.0 Stealth
 - Level 3.5 Spellcasting
 + Level 2.9 Conjurations
 + Level 7.5 Hexes
 - Level 2.8 Ice Magic


You had 3 spell levels left.
You knew the following spells:

 Your Spells              Type           Power        Failure   Level  Hunger
a - Corona                Hex            ####...      1%          1    None
b - Ensorcelled Hibernat  Hex/Ice        ###...       3%          2    ##.....
c - Confuse               Hex            ####....     2%          3    ###....
d - Tukima's Dance        Hex            ####....     2%          3    ###....
e - Dazzling Spray        Conj/Hex       ###...       8%          3    ###....


Dungeon Overview and Level Annotations

Branches:
Dungeon (8/15)             Temple (0/1) D:4
   Lair: D:8-11

Altars:
Cheibriados
Dithmenos
Elyvilon
Gozag
Makhleb
Okawaru
Trog
Zin

Shops:
D:7 (

Annotations:
D:8 Psyche


Innate Abilities, Weirdness & Mutations

You are very small and have problems with some larger weapons.
You are too small for most types of armour.
You have supernaturally acute eyesight. (SInv)
You are a herbivore.
You cover ground extremely quickly.
You need consume almost no food.


Message History

Aim: a centaur, wielding a shortbow of velocity (umbra, chance to defeat MR: 50%)
The centaur resists with some effort.
The centaur shoots an arrow.
The arrow completely misses you.
Casting: Ensorcelled Hibernation
Confirm with . or Enter, or press ? or * to list all spells.
Aiming: Ensorcelled Hibernation
Press: ? - help, Shift-Dir - straight line, f/p - centaur
Aim: a centaur, wielding a shortbow of velocity (umbra, chance to defeat MR: 50%)
The centaur resists with some effort.
The centaur shoots an arrow.
The arrow hits you!
* * * LOW HITPOINT WARNING * * *
x2
Casting: Ensorcelled Hibernation
Confirm with . or Enter, or press ? or * to list all spells.
Aiming: Ensorcelled Hibernation
Press: ? - help, Shift-Dir - straight line, f/p - centaur
Aim: a centaur, wielding a shortbow of velocity (umbra, chance to defeat MR: 50%)
The centaur resists with some effort.
The centaur shoots an arrow.
The arrow misses you.
The centaur shoots an arrow.
The arrow hits you.
* * * LOW HITPOINT WARNING * * *
You die...

##.......# #.......#
#.......# ##......#
#..=....#
#########......##
##.............c#
................##
....####........@###
#...######.........###
##.........>.........##
##.............#......#
#......................#
#...######........((.....
#..## ##..............
..## #...#$.......... ..#
#..####.........


You could see a centaur.

Vanquished Creatures
  Erica (D:8)
  Pikel (D:5)
  A hornet (D:3)
  Sigmund (D:6)
  Edmund (D:4)
  2 black bears
  An ice beast (D:8)
  2 ogres (D:4)
  A phantom (D:7)
  3 centaurs
  A wyvern skeleton (D:6)
  A howler monkey (D:4)
  3 crimson imps
  A bullfrog zombie (D:5)
  2 hounds
  3 orc priests
  An orc wizard (D:6)
  2 jellies
  Crazy Yiuf (D:6)
  A centaur skeleton (D:7)
  3 worker ants
  8 gnolls
  5 adders
  4 adder skeletons
  2 worms
  3 dart slugs
  5 leopard geckos
  12 orcs
  A giant cockroach (D:1)
  14 goblins
  6 hobgoblins
  12 jackals
  3 kobolds
  3 quokkas
  9 bats
  4 frilled lizards
  A leopard gecko zombie (D:7)
  A quokka skeleton (D:4)
  8 rats
134 creatures vanquished.

Vanquished Creatures (others)
  A slave (D:5)
  A hound (D:5)
  3 orc wizards (D:5)
  A bullfrog skeleton (D:5)
  An adder (D:5)
  A shadow imp (D:5)
  A dart slug (D:5)
  3 orcs (D:5)
  4 jackals (D:5)
16 creatures vanquished.

Grand Total: 150 creatures vanquished

Notes
Turn   | Place    | Note
-------+----------+-------------------------------------------
     0 | D:1      | Lochraine the Spriggan Enchanter began the quest for the Orb.
     0 | D:1      | Reached XP level 1. HP: 9/9 MP: 5/5
   302 | D:1      | Reached XP level 2. HP: 13/13 MP: 7/7
   984 | D:2      | Learned a level 2 spell: Ensorcelled Hibernation
  1349 | D:2      | Reached skill level 5 in Stealth
  1449 | D:2      | Found a white marble altar of Elyvilon.
  1484 | D:2      | Reached XP level 3. HP: 16/16 MP: 8/8
  1880 | D:2      | Found a shadowy altar of Dithmenos.
  1880 | D:2      | Found a faded altar of an unknown god.
  1885 | D:2      | Found an opulent altar of Gozag.
  1887 | D:2      | Found a faded altar of an unknown god.
  1892 | D:2      | Became a worshipper of Dithmenos the Shadowed
  1897 | D:2      | Found a faded altar of an unknown god.
  2140 | D:3      | Found a bloodstained altar of Trog.
  2372 | D:3      | Reached skill level 1 in Ice Magic
  2425 | D:3      | Reached XP level 4. HP: 21/21 MP: 3/10
  2549 | D:3      | Reached skill level 5 in Hexes
  2622 | D:3      | Learned a level 3 spell: Confuse
  2625 | D:3      | Reached * piety under Dithmenos
  2880 | D:4      | Noticed an ogre
  2883 | D:4      | Reached XP level 5. HP: 24/24 MP: 11/11
  3056 | D:4      | Noticed a hornet
  3096 | D:3      | Killed a hornet
  3096 | D:3      | Reached skill level 5 in Short Blades
  3096 | D:3      | Reached XP level 6. HP: 14/28 MP: 5/12
  3360 | D:4      | Reached XP level 7. HP: 32/32 MP: 10/13
  3534 | D:4      | Found a staircase to the Ecumenical Temple.
  3540 | D:4      | Noticed Edmund
  3545 | D:4      | Killed Edmund
  3613 | D:4      | Reached ** piety under Dithmenos
  3739 | D:5      | Entered Level 5 of the Dungeon
  3750 | D:5      | Noticed Pikel
  3751 | D:5      | Killed Pikel
  3751 | D:5      | Reached skill level 5 in Dodging
  3751 | D:5      | Reached XP level 8. HP: 42/42 MP: 14/14
  3822 | D:5      | Reached skill level 6 in Dodging
  4634 | D:6      | Reached skill level 7 in Dodging
  4739 | D:6      | Noticed Sigmund
  4771 | D:6      | Killed Sigmund
  4771 | D:6      | Reached skill level 8 in Dodging
  4916 | D:6      | Found a snail-covered altar of Cheibriados.
  5182 | D:6      | Found an iron altar of Okawaru.
  5491 | D:6      | Reached skill level 9 in Dodging
  5689 | D:6      | Found a runed door.
  5693 | D:6      | Noticed Crazy Yiuf
  5696 | D:6      | Killed Crazy Yiuf
  5702 | D:6      | Learned a level 3 spell: Tukima's Dance
  5706 | D:6      | Learned a level 3 spell: Dazzling Spray
  5957 | D:7      | Reached XP level 9. HP: 39/45 MP: 15/15
  6006 | D:7      | Found a burning altar of Makhleb.
  6010 | D:7      | Reached skill level 1 in Conjurations
  6081 | D:7      | Reached skill level 10 in Dodging
  6161 | D:7      | Reached *** piety under Dithmenos
  6298 | D:7      | Found Syxtumeg's Antique Weapon Emporium.
  6310 | D:7      | Found a glowing silver altar of Zin.
  6310 | D:7      | Noticed an angel
  6311 | D:7      | Noticed a green death
  6642 | D:8      | Noticed Erica
  6690 | D:8      | Killed Erica
  6699 | D:8      | Noticed Psyche
  6849 | D:8      | HP: 1/45 [centaur/arrow (4)]
  6849 | D:8      | Shot with an arrow by a centaur

Vault maps used:
D:1:      dpeg_arrival_connections, grunt_decor_one_mirror
D:2:      elyvilon_altar_4, chequers_temple_overflow_minitemple
D:3:      bloody_trog
D:4:      minivault_24, hangedman_feature_mirror, uniq_edmund
D:5:      first_bread, minmay_misc_feat_secret_circle, uniq_pikel
D:6:      okawaru_trees_1, cheibriados_altar_1, uniq_sigmund,
          uniq_crazy_yiuf_cottage
D:7:      grunt_temple_overflow_order_and_chaos_2, serial_shops, kennysheep_mini
D:8:      nemelex_xobeh_ov_fountains_minmay, uniq_erica, uniq_psyche

Skill      XL: |  1  2  3  4  5  6  7  8  9 |
---------------+----------------------------+-----
Spellcasting   | 3 |  3.5
Hexes          | 4 5 7 |  7.5
Stealth        | 5 7 |  7.0
Ice Magic      | 1 2 |  2.8
Short Blades   | 2 5 6 |  6.3
Fighting       | 3 4 |  4.1
Dodging        | 5 9 10 | 10.0
Conjurations   | 2 |  2.9

Action                   |  1- 3 |  4- 6 |  7- 9 || total
-------------------------+-------+-------+-------++-------
Melee: Dagger            |   245 |    61 |   129 ||   435
       Rapier            |       |       |   129 ||   129
       Falchion          |       |       |     7 ||     7
 Cast: Ensorcelled Hiber |    13 |    14 |    27 ||    54
       Corona            |     1 |       |     3 ||     4
       Confuse           |       |     1 |       ||     1
       Dazzling Spray    |       |       |     3 ||     3
Invok: Shadow Step       |       |       |     1 ||     1
Evoke: Wand              |       |     3 |     3 ||     6
  Use: Scroll            |       |     5 |     2 ||     7
       Potion            |       |     1 |       ||     1
 Stab: Sleeping          |    17 |    14 |    32 ||    63
  Eat: Bread ration      |       |       |     1 ||     1
       Fruit             |       |       |     1 ||     1
       Pizza             |       |       |     1 ||     1
Armor: Robe              |    37 |     4 |    17 ||    58
Dodge: Dodged            |   186 |    44 |   202 ||   432
       Rpst.: Falchion   |       |       |     3 ||     3
